 Dungeon Crawl Stone Soup version 0.25-a0-44-g29a1220a87 (webtiles) character file.

Game seed: 12237343201491676466, levelgen mode: deterministic

8 Alarkh the Skirmisher (level 2, 24/24 HPs)
             Began as a Demonspawn Fighter on Oct 23, 2019.
             Got out of the dungeon alive.
             The game lasted 00:00:08 (149 turns).

Alarkh the Skirmisher (Demonspawn Fighter)           Turns: 149, Time: 00:00:08

Health: 24/24      AC:  6    Str: 16    XL:     2   Next: 0%
Magic:  2/2        EV:  6    Int:  9    God:
Gold:   0          SH:  8    Dex: 12    Spells: 1/1 levels left

rFire    . . .     SeeInvis .   a - +0 long sword
rCold    . . .     Gourm    .   c - +0 shield
rNeg     . . .     Faith    .   b - +0 scale mail
rPois    .         Spirit   .   (no helmet)
rElec    .         Reflect  .   (no cloak)
rCorr    .         Harm     .   (no gloves)
MR       .....                  (no boots)
Stlth    ..........             (no amulet)
HPRegen  0.08/turn              (no ring)
MPRegen  0.08/turn              (no ring)

@: no status effects
A: demonic guardian 1
a: no special abilities


You escaped.
You were not hungry.

You visited 1 branch of the dungeon, and saw 1 of its levels.

Inventory:

Hand Weapons
 a - a +0 long sword (weapon)
Armour
 b - a +0 scale mail (worn)
 c - a +0 shield (worn)
Jewellery
 h - an uncursed ring of flight {unknown}
Potions
 d - a potion of might
 e - a potion of degeneration {unknown}
Comestibles
 f - a ration
 g - 8 chunks of flesh


   Skills:
 - Level 3.0 Fighting
 + Level 2.5 Long Blades
 - Level 2.6 Armour
 - Level 2.6 Shields


You had one spell level left.
You didn't know any spells.
Your spell library was empty.

Dungeon Overview and Level Annotations

Branches:
Dungeon (1/15)

Altars:


Innate Abilities, Weirdness & Mutations

A weak demonic guardian rushes to your aid.


Message History

Found a scroll labeled DODGHU YDDINU.
g - 8 chunks of flesh (gained 2)
You see here a jackal skeleton. x2
You see here a rat skeleton.
There is an open door here.
The elf shouts!
The troll shouts!
The kobold shouts!
The human shouts!
The felid hisses angrily.
The orc shouts!
The draconian roars!
The naga shouts!
The formicid twitches its antennae in your direction.
The vine stalker shouts!
The spriggan shouts!
The octopode shouts!
The ogre shouts!
There is an open door here.
There is a staircase leading out of the dungeon here.
Are you sure you want to leave the Dungeon?
This will make you lose the game!
You have escaped!

#####
#.@.#
#...#
###'###
#Q#.#V#
###.###
#O#.#n#
###.###
#i#.#x#
###.###


There were no monsters in sight!

Vanquished Creatures
  2 hobgoblins (D:1)
  2 jackals (D:1)
  A bat (D:1)
  2 frilled lizards (D:1)
  A rat (D:1)
8 creatures vanquished.

Notes
Turn   | Place    | Note
-------+----------+-------------------------------------------
     0 | D:1      | Alarkh the Demonspawn Fighter began the quest for the Orb.
     0 | D:1      | Reached XP level 1. HP: 18/18 MP: 1/1
     2 | D:1      | Noticed a tengu
     2 | D:1      | Noticed a vampire
     4 | D:1      | Noticed an ogre
     4 | D:1      | Noticed a ghoul
     6 | D:1      | Noticed a spriggan
     6 | D:1      | Noticed an octopode
     8 | D:1      | Noticed a formicid
     8 | D:1      | Noticed a vine stalker
    10 | D:1      | Noticed a gargoyle
    10 | D:1      | Noticed a halfling
    12 | D:1      | Noticed a draconian
    12 | D:1      | Noticed a naga
    14 | D:1      | Noticed a dwarf
    16 | D:1      | Noticed a felid
    18 | D:1      | Noticed a demonspawn
    18 | D:1      | Noticed a human
    22 | D:1      | Noticed a centaur
    22 | D:1      | Noticed a troll
    24 | D:1      | Noticed an elf
    24 | D:1      | Noticed a merfolk
    26 | D:1      | Noticed a demigod
    26 | D:1      | Noticed a minotaur
    92 | D:1      | Gained mutation: A weak demonic guardian rushes to your
                  | aid. [demonic ancestry]
    92 | D:1      | Reached XP level 2. HP: 21/24 MP: 2/2
   149 | D:$      | Got out of the dungeon alive.

Levels and vault maps discovered:
D:1:      kb_arrival_jail, layout_basic

Skill      XL: |  1 |
---------------+----+-----
Long Blades    | 2 |  2.5
Fighting       | |  3.0
Armour         | |  2.6
Shields        | |  2.6

Action                   || total
-------------------------++-------
Melee: Long sword        ||    13
Armor: Scale mail        ||     2
Dodge: Dodged            ||     5
Block: Shield            ||     5
       Rpst.: Long sword ||     3

Table legend:
 A = Non-vault XP
 B = Vault XP
 C = Vault XP percentage of total XP
 D = Non-vault monster count
 E = Vault monster count
 F = Vault count percentage of total count
                 A         B        C        D         E       F
            +---------+---------+-------+---------+---------+-------
      Total |      12 |       0 |   0.0 |       8 |       0 |   0.0
            +---------+---------+-------+---------+---------+-------
        D:1 |      12 |       0 |   0.0 |       8 |       0 |   0.0
            +---------+---------+-------+---------+---------+-------
